 BcadrenCrawl: Boulder Brew version 0.05.4-70-gb0a8e951fc (webtiles) character file.

Game seed: 14697206236369144389, levelgen mode: deterministic

250 petercordia the Ducker (level 5, -4/46 HPs) Immature Draconian Gladiator. Began on June 9, 2022. Slain by a sewer rat (6 damage) ... on level 2 of the Dungeon. The game lasted 00:07:05 (1118 turns).

petercordia the Ducker (DrGl)                       Turns: 1118, Time: 00:07:05

Health: -4/46      AC:  7    Str: 17    XL:     5 ^: 22
Magic:  6/6        EV: 13    Int:  8    God:
Gold:   88         SH:  2    Dex: 13    Spells: 4/4 levels left

rFire    . . .     Slash    +   a - +0 long sword
rCold    . . .     Pierce   x   m - +0 buckler
rNeg     + . .     Bludgeon .   (armour unavailable)
rCorr    . . .     Vision   .   b - +0 hat
rPois    .         Gourm    .   (no cloak)
rElec    .         Faith    .   (no gloves)
MR       .....     Spirit   .   e - +0 pair of boots of the Commoners {rN+ Regen+}
HPRegen  0.65/turn Reflect  .   (no amulet)
MPRegen  0.16/turn Harm     .   (no ring)
Stlth    +.........             (no ring)

@: studying Whips & Flails
A: deformed body 2, cold-blooded, draconic flesh, AC +6
a: Breathe Dart


You were on level 2 of the Dungeon.
You were not hungry.

You visited 1 branch of the dungeon, and saw 2 of its levels.

You collected 88 gold pieces.

Inventory:

Weapons
 a - a +0 long sword (weapon)
 f - a +0 whip
 h - a +0 short sword Shields
 m - a +0 buckler (shield)
Armour
 b - a +0 hat (worn)
 e - the +0 pair of boots of the Commoners (worn) {rN+ Regen+}
   (You acquired it on level 1 of the Dungeon)

   It protects you from negative energy.
   It increases your rate of regeneration.
Magical Staves
 j - the +4 staff of the Endless Expanse {flay, poison; rPois rC++ Int+5}
   (You acquired it on level 1 of the Dungeon)

   [staff of poison]

   Base accuracy: +5 Base damage: 5 (bludgeon) Base attack delay: 1.2 This
   weapon's minimum attack delay (0.6) is reached at skill level 12.
   This weapon deals bludgeoning damage.
   Those struck with this staff may have their resistance to the elemental
   damage of its spells reduced.
   The odds of this reduction depend on the wielder's skill with hexes.
   Additionally boosts the power of hexes spells.
   It falls into the 'Staves' category.
   It is one handed.
   Its enchantment grants additive spellpower to the spells it enhances.
Jewellery
 o - an uncursed ring of stealth
Wands
 c - a wand of ensnaring (9)
Scrolls
 g - 2 scrolls of teleportation
 i - a scroll of vulnerability
Potions
 k - a potion of haste
 n - a potion of resistance
 q - a potion of curing
Miscellaneous
 p - an empty bottle
Comestibles
 d - 4 rations
 l - 12 chunks of flesh


   Skills:
 + Level 4.1 Fighting
 - Level 3.0 Long Blades
 + Level 4.1 Dodging
 * Level 1.8 Shields
 - Level 2.0 Evocations


You had 4 spell levels left.
You didn't know any spells.
Your spell library was empty.

Dungeon Overview and Level Annotations

Branches:
Dungeon (2/8)

Altars:


Innate Abilities, Weirdness & Mutations

Your plain brown scales are resilient. (AC +6)
You can breathe rudimentary magical darts.
You cannot wear any armour on your peculiar form.
You are cold-blooded and are slowed more easily by cold attacks.
Your scales resist being cut, but it�s oddly easy to stick a small blade between them. (rSlashing+, rPiercing-)


Message History

The sewer rat is lightly wounded. (9/11) HP The sewer rat barely misses you.
You fails an attempted riposte.
You riposte.
You hit the sewer rat (5).
It is lacerated severely!
The sewer rat bites you (5).
You are is perforated ruthlessly!
* * * LOW HITPOINT WARNING * * *
The sewer rat bites you (4).
You are is perforated ruthlessly!
* * * LOW HITPOINT WARNING * * *
The sewer rat bites you but does no damage.
The sewer rat closely misses you.
You riposte.
You hit the sewer rat (1).
It is lacerated severely!
The sewer rat barely misses you.
You barely miss the sewer rat.
The sewer rat is severely wounded. (4/10) HP The sewer rat barely misses you.
The sewer rat bites you (1).
You are is perforated ruthlessly!
* * * LOW HITPOINT WARNING * * *
The sewer rat bites you (5).
You are is perforated ruthlessly!
* * * LOW HITPOINT WARNING * * *
The sewer rat bites you (6).
You are is perforated ruthlessly!
You die...

≈≈≈≈≈≈≈≈≈≈≈≈≈ ..≈≈≈b≈r≈≈...
#≈≈≈≈≈≈≈..## #≈≈≈≈≈≈.#≈#
#≈≈≈b≈rb≈.# .≈#+#≈≈≈≈≈≈.#
#≈≈≈≈≈≈≈≈l≈########
#≈≈≈≈≈≈≈≈##@r..≈######P≈≈≈≈.
#≈l;≈≈≈≈≈≈rrr..≈....##≈≈≈≈≈.
#≈≈≈≈≈≈≈≈≈#rl..8.8...##≈≈≈≈≈.
#≈.≈≈≈≈≈≈≈≈≈..........≈##≈≈≈≈≈.
##.#P≈≈≈≈≈≈≈##...8....≈##≈≈≈≈≈.
#≈ #≈≈≈≈≈≈≈≈##.........≈#≈≈≈≈≈.
# #.≈≈≈≈≈≈≈#≈.8...8.8.)#.≈≈≈≈.
....≈≈≈≈≈#≈.......÷.÷≈..≈≈..
###..≈≈≈≈≈≈.8...8..).).≈≈≈≈.


You could see 5 sewer rats and a leopard gecko.

Vanquished Creatures
  A big kobold (D:2)
  A jelly (D:2)
  3 giant cockroaches
  4 adders (D:2)
  2 sewer rats (D:2)
  A cinder newt (D:1)
  A worm (D:2)
  2 oozes (D:1)
  A dart slug (D:1)
  A leopard gecko (D:1)
  4 bats
  A cinder newt skeleton (D:2)
  A goblin (D:1)
  2 hobgoblins (D:1)
  A ball python (D:2)
  A bat skeleton (D:2)
  8 kobolds
  5 rats (D:1)
40 creatures vanquished.

Vanquished Creatures (others)
  A bat skeleton (D:2)
  22 withered plants (D:2)
23 creatures vanquished.

Grand Total: 63 creatures vanquished

Notes
Turn   | Place    | Note
-------+----------+-------------------------------------------
     0 | D:1      | petercordia the Immature Draconian Gladiator began the
                  | quest for the Orb.
     0 | D:1      | Reached XP level 1. HP: 18/18 MP: 2/2
     5 | D:1      | Identified a scroll of acquirement
    78 | D:1      | Identified the +0 pair of boots of the Commoners {rN+
                  | Regen+} (You acquired it on level 1 of the Dungeon)
   247 | D:1      | Reached XP level 2. HP: 25/25 MP: 3/3
   356 | D:1      | Identified the +0 leather armour "Emeq" {Int+3}
   392 | D:1      | Reached XP level 3. HP: 24/30 MP: 4/4
   488 | D:1      | Identified the +4 staff of the Endless Expanse {flay,
                  | poison; rPois rC++ Int+5} (You acquired it on level 1 of
                  | the Dungeon)
   488 | D:1      | Identified the ring "Owenteod" {rCorr Dex+3} (You acquired
                  | it on level 1 of the Dungeon)
   488 | D:1      | Identified the Almanac of the Bewitching Glacier (You
                  | acquired it on level 1 of the Dungeon)
   944 | D:2      | Reached XP level 4. HP: 26/38 MP: 5/5
   976 | D:2      | Noticed a big kobold
   990 | D:2      | Reached skill level 1 in Shields
   991 | D:2      | Reached XP level 5. HP: 18/45 MP: 6/6
  1118 | D:2      | HP: 2/46 [sewer rat (5)]
  1118 | D:2      | Slain by a sewer rat

Levels and vault maps discovered:
D:1:      dpeg_arrival_shelter, layout_loops_corners, dk_noncrumbling_3
D:2:      cheibrodos_quashed, layout_sewer, kennysheep_mini_moat,
          chequers_temple_overflow_statue_of_worship, serial_shops,
          kennysheep_mini, serial_column_ruins, column_ruins_hut_ruined,
          column_ruins_corridor_corner, column_ruins_grid_1,
          column_ruins_open_small, column_ruins_columns_corner,
          column_ruins_open_tiny, column_ruins_grid_4, column_ruins_open_tiny,
          chequers_serial_rivers_micro_b

Skill      XL: |  1  2  3  4  5 |
---------------+----------------+-----
Long Blades    | 3 |  3.0
Dodging        | 3 4 |  4.1
Fighting       | 3 4 |  4.1
Shields        | 1 |  1.8
Evocations     | |  2.0

Action                   |  1- 3 |  4- 6 || total
-------------------------+-------+-------++-------
Melee: Long sword        |    56 |    40 ||    96
       Unarmed           |    29 |       ||    29
       Peck              |     4 |     6 ||    10
       Short sword       |     2 |       ||     2
 Abil: Breathe Dart      |       |     2 ||     2
  Use: Scroll            |     2 |       ||     2
       Potion            |       |     1 ||     1
 Stab: Sleeping          |     1 |       ||     1
  Eat: Chunk             |       |     1 ||     1
Armor: Skin              |    32 |    36 ||    68
Dodge: Dodged            |    22 |    43 ||    65
Block: Buckler           |     1 |     5 ||     6
       Rpst.: Long sword |     7 |    12 ||    19
